 Dungeon Crawl Stone Soup version 0.21-a0-531-gacddea6 (webtiles) character file.

107 Amnesiac the Digger (level 4, -2/26 HPs)
             Began as a Deep Elf Earth Elementalist on Dec 13, 2017.
             Slain by kae's ghost (8 damage)
             ... on level 3 of the Dungeon.
             The game lasted 00:03:53 (1642 turns).

Amnesiac the Digger (Deep Elf Earth Elementalist)   Turns: 1642, Time: 00:03:53

Health: -2/26      AC:  2    Str:  5    XL:     4   Next: 56%
Magic:  0/11       EV: 13    Int: 21    God:
Gold:   53         SH:  0    Dex: 15    Spells: 0/10 levels left

rFire    . . .     SeeInvis .   g - +2 dagger (elec)
rCold    . . .     Gourm    .   (no shield)
rNeg     . . .     Faith    .   c - +0 robe
rPois    .         Spirit   .   (no helmet)
rElec    .         Reflect  .   (no cloak)
rCorr    .         Harm     .   (no gloves)
MR       .....                  (no boots)
Stlth    +.........             (no amulet)
HPRegen  0.08/turn              l - ring of loudness (curse)
MPRegen  0.12/turn              (no ring)

@: very slightly contaminated
A: no striking features
a: no special abilities


You were on level 3 of the Dungeon.
You were not hungry.

You visited 1 branch of the dungeon, and saw 3 of its levels.

You collected 53 gold pieces.

Inventory:

Hand Weapons
 g - a +2 dagger of electrocution (weapon)
Missiles
 b - 2 stones (quivered)
 m - 13 poisoned needles
Armour
 c - a +0 robe (worn)
 p - a +0 buckler
Jewellery
 l - a cursed ring of loudness (left hand)
Scrolls
 i - a scroll of identify {!r, unknown}
 k - a scroll of enchant armour {!r, unknown}
 n - a scroll of amnesia {!r, unknown}
Potions
 a - 2 potions of brilliance {!q, unknown}
 o - a potion of agility {!q, unknown}
Books
 e - a book of Geomancy

   Spells                             Type                      Level
   a - Sandblast                      Earth                        1
   b - Passwall                       Transmutation/Earth          2
   c - Stone Arrow                    Conjuration/Earth            3
   d - Petrify                        Transmutation/Earth          4
   e - Lee's Rapid Deconstruction     Earth                        5
Comestibles
 d - 2 bread rations
 f - 2 royal jellies
 h - 4 chunks of flesh
 j - 2 meat rations


   Skills:
 + Level 2.1 Fighting
 - Level 2.0 Short Blades
 - Level 2.4 Dodging
 - Level 3.2 Stealth
 * Level 0.0 Shields
 - Level 3.5 Spellcasting
 - Level 1.1 Transmutations
 - Level 3.5 Earth Magic


You couldn't memorise any spells.
You knew the following spells:

 Your Spells              Type           Power        Failure   Level  Hunger
a - Sandblast             Erth           ###...       3%          1    None
b - Passwall              Tmut/Erth      ##........   8%          2    ##.....
c - Stone Arrow           Conj/Erth      ##....       19%         3    ###....
e - Petrify               Tmut/Erth      ##......     43%         4    ####...


Dungeon Overview and Level Annotations

Branches:
Dungeon (3/15)

Altars:

Annotations:
D:3 kae's ghost, amateur TrMo


Message History

Aim: kae's ghost (lightly damaged)
The blast of sand hits kae's ghost.
Kae's ghost is moderately damaged.
b - 8 stones
Casting: Sandblast
Confirm with . or Enter, or press ? or * to list all spells.
Aiming: Sandblast
Press: ? - help, Shift-Dir - straight line, f/p - kae's ghost
Aim: kae's ghost (moderately damaged)
The blast of sand hits kae's ghost.
Kae's ghost is heavily damaged.
b - 7 stones Kae's ghost barely misses you.
Casting: Sandblast
Confirm with . or Enter, or press ? or * to list all spells.
Aiming: Sandblast
Press: ? - help, Shift-Dir - straight line, f/p - kae's ghost
Aim: kae's ghost (heavily damaged)
The blast of sand hits kae's ghost.
Kae's ghost is severely damaged.
b - 6 stones Kae's ghost misses you.
Casting: Sandblast
Confirm with . or Enter, or press ? or * to list all spells.
Aiming: Sandblast
Press: ? - help, Shift-Dir - straight line, f/p - kae's ghost
Aim: kae's ghost (severely damaged)
The blast of sand hits kae's ghost.
Kae's ghost is almost destroyed.
b - 5 stones Kae's ghost hits you.
Casting: Sandblast
Confirm with . or Enter, or press ? or * to list all spells.
Aiming: Sandblast
Press: ? - help, Shift-Dir - straight line, f/p - kae's ghost
Aim: kae's ghost (almost destroyed)
The blast of sand hits kae's ghost.
Kae's ghost is almost destroyed.
b - 4 stones Kae's ghost misses you.
The kobold unwields an uncursed blowgun.
The kobold wields an uncursed quarterstaff.
The kobold barely misses you.
Casting: Sandblast
Confirm with . or Enter, or press ? or * to list all spells.
Aiming: Sandblast
Press: ? - help, Shift-Dir - straight line, f/p - kae's ghost
Aim: kae's ghost (almost destroyed)
The blast of sand hits kae's ghost.
Kae's ghost is almost destroyed.
b - 3 stones Kae's ghost hits you!
Ouch! That really hurt!
* * * LOW HITPOINT WARNING * * *
Casting: Sandblast
Confirm with . or Enter, or press ? or * to list all spells.
Aiming: Sandblast
Press: ? - help, Shift-Dir - straight line, f/p - kae's ghost
Aim: kae's ghost (almost destroyed)
The blast of sand hits kae's ghost.
Kae's ghost is almost destroyed.
b - 2 stones Kae's ghost hits you!
You die...

...###.......
)....#......
.....#.†..#######
......w...#.....#
................#
................##
##...............#
##....$...(.....(#
)..........=...W@#
....##.........K(#
.................#
.................#
.................#
.................#
.........####....#
#........# #....#
#####...# ######


You could see kae's ghost and a kobold.

Vanquished Creatures
  Jessica (D:2)
  4 adders (D:2)
  2 worms (D:2)
  2 dart slugs (D:2)
  A leopard gecko (D:1)
  3 bats
  A giant cockroach (D:1)
  6 goblins
  2 hobgoblins (D:1)
  3 quokkas
  3 ball pythons
  2 frilled lizards
  3 kobolds
  3 rats
36 creatures vanquished.

Notes
Turn   | Place    | Note
-------+----------+-------------------------------------------
     0 | D:1      | Amnesiac the Deep Elf Earth Elementalist began the quest for the Orb.
     0 | D:1      | Reached XP level 1. HP: 10/10 MP: 6/6
   130 | D:1      | Reached XP level 2. HP: 13/16 MP: 0/8
   182 | D:1      | Learned a level 2 spell: Passwall
   408 | D:1      | Reached skill level 1 in Fighting
   619 | D:2      | Reached skill level 1 in Short Blades
   698 | D:2      | Reached XP level 3. HP: 20/20 MP: 7/10
   917 | D:2      | Noticed Jessica
   926 | D:2      | Killed Jessica
   926 | D:2      | Reached XP level 4. HP: 26/26 MP: 7/11
   975 | D:2      | Found a faded altar of an unknown god.
  1580 | D:3      | Noticed kae's ghost (amateur TrMo)
  1588 | D:3      | Learned a level 3 spell: Stone Arrow
  1593 | D:3      | Learned a level 4 spell: Petrify
  1642 | D:3      | Slain by kae's ghost

Vault maps used:
D:1:      saegor_arrival_simple_b
D:2:      chequers_ecumenical_altar_twisty, uniq_jessica
D:3:      first_bread

Skill      XL: |  1  2  3  4 |
---------------+-------------+-----
Fighting       | 1 2 |  2.1
Short Blades   | 1 2 |  2.0
Stealth        | 3 |  3.2
Dodging        | |  2.4
Spellcasting   | |  3.5
Transmutations | |  1.1
Earth Magic    | |  3.5

Action                   |  1- 3 |  4- 6 || total
-------------------------+-------+-------++-------
Melee: Dagger            |    10 |    10 ||    20
 Cast: Sandblast         |    23 |    18 ||    41
       Passwall          |     8 |     1 ||     9
 Stab: Sleeping          |     8 |     2 ||    10
  Eat: Chunk             |       |     2 ||     2
Armor: Robe              |     1 |     1 ||     2
Dodge: Dodged            |     6 |    14 ||    20

Table legend:
 A = Spawn XP
 B = Non-spawn XP
 C = Spawn XP percentage of total XP
 D = Spawn monster count
 E = Non-spawn monster count
 F = Spawn count percentage of total count
 G = Total turns spent on level
                    A         B        C        D         E        F      G
               +---------+---------+-------+---------+---------+-------+---------
         Total |       0 |     153 |   0.0 |       0 |      36 |   0.0 |  1642
               +---------+---------+-------+---------+---------+-------+---------
           D:1 |       0 |      19 |   0.0 |       0 |      11 |   0.0 |   619
           D:2 |       0 |     127 |   0.0 |       0 |      21 |   0.0 |   954
           D:3 |       0 |       7 |   0.0 |       0 |       4 |   0.0 |    69
               +---------+---------+-------+---------+---------+-------+---------
